AoeStats
← pichevskij

Arabian Desert

510076339Analyzed
1v1 RM · 2d ago on Sep 29, 2026· 48m 4s· 2 players
Game mode
Random Map
Map size
Tiny (2 player)
Population
200
Speed
Normal
Resources
Standard
Victory
Conquest
Starting age
Dark Age
Ending age
Imperial Age
RankedLock teamsTeams togetherTeam positionsShared explorationLock speedFull tech treeHidden civsTurbo modeCheats
Victory
Defeat
🇪🇸 Koreans · Spain
845
+19
🇨🇿 Vikings · Czechia
907
-19
Kermit
11:06 Feudal Age
9:23 Loom
11:38 Double-Bit Axe
11:37 Horse Collar
22:55 Castle Age
21:23 Forging
21:14 Scale Mail Armor
21:03 Arson
24:01 Squires
27:43 Iron Casting
27:23 Chain Mail Armor
30:14 Chieftains
33:50 Bow Saw
33:46 Heavy Plow
47:01 Imperial Age
45:27 Ballistics
46:08 Fletching
46:18 Padded Archer Armor
45:42 Crossbowman
47:51 Arbalester
pichevskij
10:56 Feudal Age
9:12 Loom
11:25 Double-Bit Axe
21:42 Castle Age
19:55 Fletching
25:01 Wheelbarrow
24:56 Fervor
25:34 Husbandry
25:45 Thumb Ring
29:29 Stone Mining
29:54 Bodkin Arrow
31:22 Crossbowman
33:44 Horse Collar
35:27 Bow Saw
35:41 Ballistics
35:17 Murder Holes
35:25 Heavy Plow
38:59 Imperial Age
36:23 Man-at-Arms
37:03 Squires
36:24 Pikeman
39:11 Town Watch
39:59 Sanctity
39:01 Capped Ram
40:37 Masonry
42:15 Arbalester
43:18 Elite Skirmisher
43:44 Cavalier
45:04 Eupseong
46:07 Two-Man Saw
45:10 Scale Mail Armor
45:21 Forging
45:18 Scale Barding Armor
45:36 Block Printing
45:50 Long Swordsman
46:37 Two-Handed Swordsman
Connection lost

Rejoining the realm…

Still unreachable

The connection could not be restored.

Session expired

The server has moved on; the page needs a fresh start.